 Dungeon Crawl Stone Soup version 0.30-a0-23-ge60ba3568b (webtiles) character file.

Game seed: 3689604886183227249

1092 nicolae the Zephyrmancer (level 8, 0/43 HPs)
             Began as a Tengu Air Elementalist on Aug 25, 2022.
             Succumbed to Duvessa's poison
             ... on level 4 of the Dungeon.
             The game lasted 00:14:34 (6172 turns).

nicolae the Zephyrmancer (Tengu Air Elementalist)   Turns: 6172, Time: 00:14:34

Health: 0/43       AC:  4    Str:  8    XL:     8   Next: 31%
Magic:  1/12       EV: 16    Int: 17    God:
Gold:   223        SH:  8    Dex: 28    Spells: 1/11 levels left

rFire   . . .      SeeInvis .    f - +0 spear
rCold   . . .      Faith    .    p - +1 buckler
rNeg    . . .      Spirit   .    a - +2 robe
rPois   .          Reflect  .    (helmet restricted)
rElec   .          Harm     .    (no cloak)
rCorr   .          Rampage  .    (no gloves)
Will    .....                    (boots unavailable)
Stlth   +++.......               (no amulet)
HPRegen 0.14/turn                l - +6 ring of dexterity
MPRegen 0.13/turn                b - +6 ring of dexterity

@: lethally poisoned (0 -> -5), on berserk cooldown, flying quickly and
evasively, slowed, very slow
A: beak, talons 3, nimble flight
a: no special abilities


You were on level 4 of the Dungeon.
You visited 1 branch of the dungeon, and saw 4 of its levels.
You also visited: Sewer.

You collected 223 gold pieces.

Inventory:

Hand Weapons
 f - a +0 spear (weapon)
Missiles
 c - 3 silver boomerangs
 m - 6 atropa-tipped darts
 n - 4 boomerangs
 q - 7 poisoned darts
 s - 3 curare-tipped darts
Armour
 a - a +2 robe (worn)
 p - a +1 buckler (worn)
Jewellery
 b - a +6 ring of dexterity (right hand)
 l - a +6 ring of dexterity (left hand)
Scrolls
 d - a scroll of vulnerability
 e - a scroll of immolation
 g - a scroll of noise {unknown}
 i - a scroll of amnesia {unknown}
 j - 2 scrolls of teleportation
 t - 3 scrolls of enchant weapon {unknown}
 u - a scroll of fog {unknown}
 y - a scroll of fear {unknown}
Potions
 h - 3 potions of attraction
 k - a potion of curing
 r - a potion of brilliance
 w - a potion of might
 z - a potion of cancellation
 A - a potion of mutation


   Skills:
 + Level 1.4 Fighting
 + Level 2.9 Dodging
 - Level 2.0 Stealth
 - Level 5.0 Shields
 - Level 2.0 Spellcasting
 - Level 5.0 Conjurations
 + Level 9.5 Air Magic


You had one spell level left.
You knew the following spells:

 Your Spells              Type           Power      Damage    Failure   Level
a - Shock                 Conj/Air       100%       1d9       1%          1
b - Static Discharge      Conj/Air       26%        3-7/arc   1%          2
c - Swiftness             Air            34%        N/A       1%          3
d - Airstrike             Air            17%        2d(3-19)  4%          4

Your spell library contained the following spells:

 Spells                   Type           Power      Damage    Failure   Level
 Apportation              Tloc           2%         N/A       24%         1
 Stone Arrow              Conj/Erth      20%        3d8       26%         3
 Animate Armour           Summ/Erth      2%         N/A       94%         4
 Alistair's Intoxication  Tmut/Pois      0%         N/A       100%        5
 Malign Gateway           Summ/Tloc      0%         N/A       100%        7
 Lehudib's Crystal Spear  Conj/Erth      5%         10d3      100%        8
 Summon Horrible Things   Summ           0%         N/A       100%        8


Dungeon Overview and Level Annotations

Branches:
Dungeon (4/15)              Sewer (visited)
 Temple: D:4-7

Altars:


Innate Abilities, Weirdness & Mutations

You have a beak for a mouth.
You have claws for feet.
Your magical nature lets you fly swiftly and evasively.


Message History

* * * LOW HITPOINT WARNING * * *
You feel very sick.
Your Fighting skill increases to level 1!
A red film seems to cover your vision as you go berserk!
You feel yourself moving faster!
You feel mighty!
You feel very sick.
Natasha stares at you and mumbles some strange words.
The magic dart hits you!
* * * LOW HITPOINT WARNING * * *
Unknown command.
You are too injured to fight recklessly!
You are too injured to fight recklessly!
You are too injured to fight recklessly!
You feel a strong urge to attack something.
* * * LOW HITPOINT WARNING * * *
You feel sick.
Natasha zaps a wand.
The puff of flame misses you.
Things that are here:
a +0 short sword of venom; a +0 ring mail; a potion of cancellation You puncture Natasha!
You claw Natasha.
You kill Natasha!
You feel Natasha's spirit has finally been put to rest.
The shadow imp disappears in a puff of smoke!
* * * LOW HITPOINT WARNING * * *
You feel sick.
* * * LOW HITPOINT WARNING * * *
You feel sick.
Things that are here:
a wand of flame (28); a potion of curing; the felid corpse of Natasha You feel a strong urge to attack something.
* * * LOW HITPOINT WARNING * * *
You feel sick.
Things that are here:
a wand of flame (28); a potion of curing; the felid corpse of Natasha
Okay, then.
You are too berserk!
k - a potion of curing You feel your anger nearly subside.
You are no longer berserk.
You are exhausted.
You feel yourself slow down.
You die...

# ###### ### ### ######.##.#
#.# #.# .†........#
####.####.#
..........####.........#
##.###.##).............#######
##.#<...........)............#
##..............@..##..####.##
.......##.#####........# #.#
##.................##.## #.#
(.....................#####.#
.........................##.#
.#......#.#..#.....##.#####.#
.#....#.#.#.............# #.#
.#...<#.###..#.....##.#.# #.#
......#.# #..#.....##.#.# #.#


There were no monsters in sight!

Vanquished Creatures
  Eustachio (D:4)
  Menkaure (D:4)
  Duvessa (D:4)
  2 bullfrogs (Sewer)
  A necrophage (D:4)
  A scorpion (D:4)
  Dowan (D:4)
  A hound (D:4)
  An iguana (D:4)
  2 orc wizards (D:3)
  Natasha (thrice) (D:4)
  9 adders
  6 river rats (Sewer)
  A dart slug (D:3)
  13 orcs
  7 endoplasms
  6 giant cockroaches
  4 goblins
  5 hobgoblins
  8 jackals
  7 quokkas
  21 ball pythons
  5 bats
  4 frilled lizards
  6 kobolds
  33 rats
150 creatures vanquished.

Notes
Turn   | Place    | Note
-------+----------+-------------------------------------------
     0 | D:1      | nicolae the Tengu Air Elementalist began the quest for the
                  | Orb.
     0 | D:1      | Reached XP level 1. HP: 10/10 MP: 4/4
   170 | D:1      | Reached XP level 2. HP: 15/15 MP: 0/6
   183 | D:1      | Learned a level 2 spell: Static Discharge
   613 | D:1      | Reached XP level 3. HP: 19/19 MP: 3/7
   998 | D:2      | Reached skill level 5 in Air Magic
  1002 | D:2      | Learned a level 3 spell: Swiftness
  1357 | D:2      | Reached XP level 4. HP: 24/24 MP: 6/8
  1643 | D:2      | Found a faded altar of an unknown god.
  2740 | D:3      | Reached skill level 1 in Shields
  2740 | D:3      | Gained mutation: Your magical nature lets you fly swiftly
                  | and evasively. [Tengu growth]
  2740 | D:3      | Reached XP level 5. HP: 18/28 MP: 0/9
  3238 | D:3      | Reached skill level 6 in Air Magic
  3427 | D:4      | Reached skill level 5 in Conjurations
  3427 | D:4      | Reached XP level 6. HP: 21/32 MP: 1/10
  3469 | D:4      | Noticed Duvessa
  3480 | D:4      | Found a glowing drain.
  3493 | Sewer    | Entered a sewer
  4408 | Sewer    | Reached skill level 7 in Air Magic
  4533 | Sewer    | Reached XP level 7. HP: 19/36 MP: 1/11
  4970 | D:4      | Noticed Dowan
  5144 | D:3      | Learned a level 4 spell: Airstrike
  5170 | D:4      | Noticed Eustachio
  5180 | D:4      | Killed Eustachio
  5234 | D:4      | Reached skill level 5 in Shields
  5334 | D:4      | Reached skill level 8 in Air Magic
  5439 | D:4      | Noticed Natasha
  5443 | D:4      | Killed Natasha
  5447 | D:4      | Noticed Natasha
  5450 | D:4      | Killed Natasha
  5492 | D:4      | Noticed Menkaure
  5497 | D:4      | Killed Menkaure
  5498 | D:4      | Reached skill level 9 in Air Magic
  5498 | D:4      | Reached XP level 8. HP: 41/41 MP: 3/12
  5713 | D:4      | Killed Dowan
  5749 | D:4      | Noticed Natasha
  6165 | D:4      | Killed Duvessa
  6166 | D:4      | Reached skill level 1 in Fighting
  6168 | D:4      | Killed Natasha
  6168 | D:4      | HP: 3/64 [poisoned by Duvessa]
  6172 | D:4      | Succumbed to Duvessa's poison

Illustrated notes

Levels and vault maps discovered:
D:1:      lordsloth_arrival_two_stooges, layout_rooms, minmay_split_cup_small
D:2:      layout_basic, ebering_ecumenical_altar_box
D:3:      layout_basic
D:4:      layout_basic, portal_sewer_entry_f, uniq_menkaure, uniq_duvessa,
          uniq_natasha, uniq_eustachio

Skill      XL: |  1  2  3  4  5  6  7  8 |
---------------+-------------------------+-----
Conjurations   | 2 3 4 5 |  5.0
Air Magic      | 5 6 7 9 |  9.5
Shields        | 1 2 3 5 |  5.0
Fighting       | 1 |  1.4
Dodging        | |  2.9
Stealth        | |  2.0
Spellcasting   | |  2.0

Action                   |  1- 3 |  4- 6 |  7- 9 || total
-------------------------+-------+-------+-------++-------
Melee: Unarmed           |     6 |       |       ||     6
       Kick              |     4 |    14 |     2 ||    20
       Spear             |    15 |    54 |    14 ||    83
       Peck              |       |    13 |     2 ||    15
Throw: Dart              |       |       |     2 ||     2
 Cast: Shock             |    64 |   117 |    34 ||   215
       Static Discharge  |       |    18 |     8 ||    26
       Airstrike         |       |       |     9 ||     9
  Use: Scroll            |     2 |     4 |     8 ||    14
       Potion            |       |     2 |     6 ||     8
 Stab: Sleeping          |       |     2 |       ||     2
Armor: Robe              |     3 |    17 |     3 ||    23
Dodge: Dodged            |    12 |    36 |    12 ||    60
Block: Buckler           |       |    10 |     9 ||    19

Table legend: (Time is in decaauts)
 A = Elapsed time spent in this place.
 B = Non-inter-level travel time spent in this place.
 C = Inter-level travel time spent in this place.
 D = Time resting spent in this place.
 E = Time spent auto-exploring this place.
 F = Levels seen in this place.
 G = Mean time per level.
                   A        B        C        D        E       F      G
               +--------+--------+--------+--------+--------+-----+--------+
         Total |   6058 |   5968 |     90 |   1341 |   3839 |   5 | 1211.6 |
       Dungeon |   4668 |   4578 |     90 |    693 |   3233 |   4 | 1167.0 |
         Sewer |   1389 |   1389 |      0 |    648 |    606 |   1 | 1389.0 |
               +--------+--------+--------+--------+--------+-----+--------+

Top non-repeatable levels by time:
     D:3: 1616 daAuts
   Sewer: 1389 daAuts
     D:4: 1088 daAuts
     D:1: 990 daAuts
     D:2: 973 daAuts
